 Dungeon Crawl Stone Soup version 0.31.0-9-g3a7656b989 (webtiles) character file.

Game seed: 3877397092528668884

49 qw the Shooter (level 3, -2/20 HPs)
             Began as a Deep Elf Hunter on Feb 2, 2024.
             Slain by Robin
             ... wielding a +0 club
              (3 damage)
             ... on level 2 of the Dungeon.
             The game lasted 00:00:03 (858 turns).

qw the Shooter (Deep Elf Hunter)                     Turns: 858, Time: 00:00:04

Health: -2/20      AC:  3    Str: 10    XL:     3   Next: 51%
Magic:  0/5        EV: 12    Int: 11    God:
Gold:   80         SH:  0    Dex: 18    Spells: 2/2 levels left

rFire   . . .        a - +0 shortbow
rCold   . . .        (shield currently unavailable)
rNeg    . . .        c - +0 leather armour
rPois   .            (helmet restricted)
rElec   .            (no cloak)
rCorr   .            (no gloves)
SInv    +            (no boots)
Will    .....        k - amulet of guardian spirit
Stlth   ++           i - ring of see invisible
HPRegen 0.23/turn    (no ring)
MPRegen 0.09/turn

%: guardian spirit
@: no status effects
A: antennae 1, dopey 1
a: no special abilities


You were on level 2 of the Dungeon.
You visited 1 branch of the dungeon, and saw 2 of its levels.

You collected 80 gold pieces.


Innate Abilities, Weirdness & Mutations

You have a pair of small antennae on your head.
You are dopey. (Int -2)


   Skills:
 - Level 1.5 Fighting
 + Level 7.0 Ranged Weapons
 - Level 2.4 Dodging
 - Level 1.2 Stealth


You had 2 spell levels left.
You didn't know any spells.
Your spell library was empty.

Inventory:

Hand Weapons
 a - a +0 shortbow (weapon)
Armour
 c - a +0 leather armour (worn)
Jewellery
 i - a ring of see invisible (left hand)
 k - an amulet of guardian spirit (around neck)
Scrolls
 e - a scroll of blinking {unknown}
Potions
 b - 2 potions of haste {unknown}
 d - a potion of curing
 f - a potion of attraction {unknown}
 g - a potion of lignification {unknown}

Dungeon Overview and Level Annotations

Branches:
Dungeon (2/15)

Altars:

Annotations:
D:2 Robin


Message History

A ball python comes into view.
The hobgoblin closely misses you.
You shoot an arrow. The ball python hisses angrily.
The arrow hits the hobgoblin!
You kill the hobgoblin!
Your Ranged Weapons skill increases to level 7!
You shoot an arrow. The arrow hits the ball python!
You kill the ball python!
You shoot an arrow. The arrow barely misses the hobgoblin.
You shoot an arrow. The arrow hits the hobgoblin!
You kill the hobgoblin!
Robin throws the goblin at you! The goblin hits you but does no damage.
You shoot an arrow. The arrow barely misses the goblin.
The goblin hits you with a +0 club. The goblin hits you but does no damage.
Robin says, "Bow before me, strongest of all the hobgoblins!"
Robin throws the goblin at you!
You shoot an arrow. The arrow closely misses the goblin.
The goblin hits you with a +0 club. The goblin barely misses you.
You shoot an arrow. The arrow hits the hobgoblin!
You kill the hobgoblin!
The goblin hits you but does no damage. The goblin hits you with a +0 dagger.
The goblin hits you but does no damage.
You shoot an arrow. The arrow hits the ball python!
You kill the ball python!
The goblin no longer looks unusually strong. x2
The goblin closely misses you.
Robin roars a battlecry!
The goblins go into a battle-frenzy!
The goblin closely misses you. The goblin misses you.
The goblin barely misses you. x2; The goblin hits you but does no damage.
You shoot an arrow. The arrow closely misses the goblin.
The goblin hits you with a +0 dagger. The goblin hits you with a +0 club.
The goblin closely misses you.
You shoot an arrow. The arrow barely misses Robin.
The goblin hits you with a +0 club. The goblin barely misses you.
Robin laughs in a distinctly smug fashion.
Robin hits you with a +0 club.
You die...
Robin calls out, "Let's celebrate!
Time for a feast!"

#.....# .# ..
#.....###.###.
.#............
..........#..#
..........#.#.## ###
........###.# .#...
......##...###%.##
.....#..#.#...##g##
#...##.##.###.#g@g#
##..##).##..#.##g#.%....
##....##..#..#..##,)....
....%.##.###.#.#.# ....
.......#..#.##.#.# ...
......%.##...#.#.. ..
......###.#.#.##.## .
.%).......###. .#
.............. .#


You could see Robin and 3 goblins.

Vanquished Creatures
  A ribbon worm (D:2)
  8 ball pythons
  An endoplasm (D:1)
  A giant cockroach (D:2)
  7 hobgoblins
  4 jackals (D:1)
  6 kobolds
  3 bats (D:1)
  A frilled lizard (D:1)
  7 goblins
  A rat (D:1)
40 creatures vanquished.

Notes
Turn   | Place    | Note
-------+----------+-------------------------------------------
     0 | D:1      | qw the Deep Elf Hunter began the quest for the Orb.
     0 | D:1      | Reached XP level 1. HP: 12/12 MP: 3/3
     0 | D:1      | 0 ||| qw: Version: 0.3-a-155-g5e7d8dd
     0 | D:1      | 0 ||| qw: Game counter: 859
     0 | D:1      | 0 ||| qw: Melee chars always use a shield: true
     0 | D:1      | 0 ||| qw: God list: Okawaru
     0 | D:1      | 0 ||| qw: Allow faded altars: false
     0 | D:1      | 0 ||| qw: Do Orc after clearing Dungeon:15 true
     0 | D:1      | 0 ||| qw: Do second Lair branch before Depths: true
     0 | D:1      | 0 ||| qw: Lair rune preference: random
     0 | D:1      | 0 ||| qw: Goals: Normal
     0 | D:1      | 0 ||| PLANNING D:1-11
   105 | D:1      | Reached skill level 6 in Ranged Weapons
   105 | D:1      | Reached XP level 2. HP: 16/16 MP: 4/4
   613 | D:1      | 613 ||| UPGRADING to amulet of guardian spirit.
   618 | D:1      | 618 ||| UPGRADING to ring of see invisible.
   619 | D:1      | 619 ||| READING scroll labelled WIKUMAL YTORGH.
   622 | D:1      | 622 ||| READING scroll labelled LAABUT PATAPN.
   723 | D:1      | 723 ||| READING scroll labelled KOIPASHRAOD.
   723 | D:1      | 723 ||| IDENTIFYING emerald potion
   724 | D:1      | 724 ||| DRINKING 2 lumpy yellow potions.
   724 | D:1      | Gained mutation: You possess an exceptional clarity of
                  | mind. [potion of mutation]
   724 | D:1      | Gained mutation: You are frail. (-10% HP) [potion of
                  | mutation]
   724 | D:1      | Gained mutation: You are dopey. (Int -2) [potion of
                  | mutation]
   724 | D:1      | Gained mutation: Your flesh is cold resistant. (rC+)
                  | [potion of mutation]
   725 | D:1      | 725 ||| DRINKING potion of mutation.
   725 | D:1      | Lost mutation: You are frail. (-10% HP) [potion of
                  | mutation]
   725 | D:1      | Lost mutation: You possess an exceptional clarity of mind.
                  | [potion of mutation]
   725 | D:1      | Lost mutation: Your flesh is cold resistant. (rC+) [potion
                  | of mutation]
   725 | D:1      | Gained mutation: You have a pair of small antennae on your
                  | head. [potion of mutation]
   732 | D:1      | 732 ||| DROPPING scroll of butterflies.
   743 | D:2      | Reached XP level 3. HP: 20/20 MP: 5/5
   836 | D:2      | Noticed Robin
   850 | D:2      | Reached skill level 7 in Ranged Weapons
   858 | D:2      | HP: 1/20 [goblin/+0 club[Robin] (5)]
   858 | D:2      | Slain by Robin

Levels and vault maps discovered:
D:1:      lightli_arrival_statue_moat, layout_loops_cross
D:2:      layout_basic, basic_altar, minmay_pentomino_pile, uniq_robin

Skill      XL: |  1  2  3 |
---------------+----------+-----
Ranged Weapons | 6 7 |  7.0
Fighting       | |  1.5
Dodging        | |  2.4
Stealth        | |  1.2

Action                     || total
---------------------------++-------
   Fire: Shortbow          ||   107
    Use: Scroll            ||     3
         Potion            ||     2
 Armour: Leather armour    ||    28
  Dodge: Dodged            ||    29

Table legend:
 A = Non-vault XP
 B = Vault XP
 C = Vault XP percentage of total XP
 D = Non-vault monster count
 E = Vault monster count
 F = Vault count percentage of total count
                 A         B        C        D         E       F
            +---------+---------+-------+---------+---------+-------
      Total |      45 |      25 |  35.7 |      29 |      11 |  27.5
            +---------+---------+-------+---------+---------+-------
        D:1 |      40 |       0 |   0.0 |      25 |       0 |   0.0
        D:2 |       5 |      25 |  83.3 |       4 |      11 |  73.3
            +---------+---------+-------+---------+---------+-------
